 Dungeon Crawl Stone Soup version bcrawl-1.21.3 (webtiles) character file.

Game seed: 6230308205231253182

527612 Flugslaktarn the Impregnable (level 24, -2/175 HPs)
             Began as a Skeleton Archaeologist on Mar 29, 2020.
             Was an Initiate of Gozag.
             Slain by a vampire knight
             ... wielding a cursed -1 halberd
              (4 damage)
             ... on level 2 of the Depths.
             The game lasted 00:23:48 (35855 turns).

Flugslaktarn the Impregnable (SkAc)                Turns: 35855, Time: 00:23:49

Health: -2/175     AC: 33    Str: 35      XL:     24   Next: 31%
Magic:  0/23       EV: 19    Int: 16      God:    Gozag
Gold:   1110       SH:  3    Dex:  8 (9)  Spells: 23/23 levels left

rFire    + + .     SeeInvis +   a - +8 battleaxe "Orb Guardian's Death" {vamp, rF+ Str+3}
rCold    + . .     Gourm    .   (shield currently unavailable)
rNeg     + + +     Faith    .   J - +1 plate armour "Aniru Oso" {Str+5 Dex+2 Stlth-}
rPois    ∞         Spirit   +   j - +0 mask of the Dragon {MR+ Slay+3 SInv}
rElec    +         Reflect  +   D - +2 cloak
rCorr    .         Harm     .   M - +1 pair of gauntlets of War {Slay+6}
MR       ++++.                  d - +2 pair of boots
Stlth    ..........             K - amulet of Greed {Reflect rElec rF+ SH+3}
HPRegen  0.39/turn              p - +3 ring of protection
MPRegen  0.18/turn              f - +5 ring of evasion

@: corroded, constricted
A: no food or potions, cold resistance 1, deterioration 1, negative energy
resistance 3, powered by death 2, torment resistance, unbreathing, magic shield,
sturdy frame 3, spell healing
0: Orb of Zot
}: 3/15 runes: decaying, serpentine, silver
a: Potion Petition, Call Merchant, Bribe Branch, Renounce Religion


You were on level 2 of the Depths.
You worshipped Gozag.
Gozag was most pleased with you.
You were not hungry.

You visited 8 branches of the dungeon, and saw 38 of its levels.
You also visited: Sewer.

You collected 22328 gold pieces.
You spent 5814 gold pieces at shops.
You paid 15404 gold pieces to Gozag.

Inventory:

Hand Weapons
 a - the +8 battleaxe "Orb Guardian's Death" (weapon) {vamp, rF+ Str+3}
   (You acquired it on level 3 of the Dungeon)

   It inflicts no extra harm, but heals its wielder when it wounds a living foe.
   It affects your strength (+3).
   It protects you from fire.
 b - a +1 war axe of flaming
   (You found it on level 2 of the Dungeon)
Armour
 d - a +2 pair of boots (worn)
 j - the +0 mask of the Dragon (worn) {MR+ Slay+3 SInv}
   (You bought it in a shop on level 1 of the Lair of Beasts)

   It affects your accuracy and damage with ranged weapons and melee attacks
   (+3).
   It affects your resistance to hostile enchantments.
   It lets you see invisible.
 q - +0 fire dragon scales
   (You found it on level 10 of the Dungeon)
 u - a +2 medium shield of poison resistance
   (You found it on level 4 of the Lair of Beasts)
 y - the +8 chain mail of Crawling {*Corrode Str+5 Int+3}
   (You bought it in a shop on level 1 of the Lair of Beasts)

   It affects your strength (+5).
   It affects your intelligence (+3).
   It may corrode you when you take damage.
 D - a +2 cloak (worn)
   (You bought it in a shop on level 1 of the Snake Pit)
 J - the +1 plate armour "Aniru Oso" (worn) {Str+5 Dex+2 Stlth-}
   (You bought it in a shop on level 1 of the Snake Pit)

   It affects your strength (+5).
   It affects your dexterity (+2).
   It makes you less stealthy.
 M - the +1 pair of gauntlets of War (worn) {Slay+6}
   (You bought it in a shop on level 1 of the Vaults)

   It affects your accuracy and damage with ranged weapons and melee attacks
   (+6).
Jewellery
 f - a +5 ring of evasion (right hand)
   (You found it on level 4 of the Dungeon)
 m - an uncursed ring of protection from magic
   (You found it on level 2 of the Vaults)
 p - a +3 ring of protection (left hand)
   (You found it on level 11 of the Dungeon)
 K - the amulet of Greed (around neck) {Reflect rElec rF+ SH+3}
   (You bought it in a shop on level 1 of the Vaults)

   [amulet of reflection]

   It shields you and reflects attacks.
   It protects you from fire.
   It insulates you from electricity.
   It affects your SH (+3).
Wands
 l - a wand of iceblast (8)
   (You found it on level 7 of the Dungeon)
 s - a wand of acid (3)
   (You found it on level 10 of the Dungeon)
 v - a wand of digging (8)
   (You took it off Josephine on level 4 of the Lair of Beasts)
 A - a wand of enslavement (5)
   (You took it off Kirke on level 3 of the Lair of Beasts)
 C - a wand of paralysis (14)
   (You found it on level 6 of the Lair of Beasts)
Scrolls
 e - 5 scrolls of magic mapping
 g - 3 scrolls of brand weapon
 i - 10 scrolls of fear
 k - 4 scrolls of enchant weapon
 n - 4 scrolls of immolation
 r - a scroll of torment
 t - 14 scrolls of teleportation
 w - 2 scrolls of summoning
 x - 11 scrolls of remove curse
 z - 2 scrolls of blinking
 F - 4 scrolls of fog
 G - 6 scrolls of enchant armour
 I - 4 scrolls of silence
Miscellaneous
 c - a lightning rod (4/4)
   (You found it on level 2 of the Vaults)
 B - a lamp of fire
   (You found it on level 1 of the Snake Pit)
 N - a phial of floods
   (You found it on level 3 of the Vaults)


   Skills:
 + Level 24.9 Fighting
 - Level 19.9(20.0) Axes
   Level 1.2(13.6) Maces & Flails
 + Level 26.5 Armour
 * Level 14.9 Dodging
 - Level 3.6 Stealth


You had 23 spell levels left.
You didn't know any spells.
Your spell library contained the following spells:

 Spells                   Type           Power        Failure   Level  Hunger
 Sandblast                Erth           #.....       36%         1    N/A
 Shock                    Conj/Air       #....        36%         1    N/A
 Swiftness                Chrm/Air       #.......     50%         2    N/A
 Mephitic Cloud           Conj/Pois/Air  #.......     73%         3    N/A
 Airstrike                Air            #.........   98%         4    N/A
 Summon Ice Beast         Ice/Summ       #.......     98%         4    N/A
 Metabolic Englaciation   Hex/Ice        #.........   100%        5    N/A
 Summon Mana Viper        Hex/Summ       #.......     100%        5    N/A
 Conjure Ball Lightning   Conj/Air       #.........   100%        6    N/A
 Icicle Burst             Conj/Ice       #.........   100%        7    N/A
 Chain Lightning          Conj/Air       #.........   100%        8    N/A
 Ice Form                 Ice/Tmut       Unusable     N/A         4    N/A

Dungeon Overview and Level Annotations

Branches:
Dungeon (12/12)            Temple (1/1) D:4            Lair (6/6) D:7
  Swamp (3/3) Lair:3        Snake (3/3) Lair:4        Slime (0/5) Lair:6
    Orc (0/1) D:9          Vaults (3/3) D:11          Crypt (0/2) Vaults:1
 Depths (5/5) D:12            Zot (5/5) Depths:5

Altars:
Ashenzari
Cheibriados
Dithmenos
Elyvilon
Fedhas
Gozag
Hepliaklqana
Kikubaaqudgha
Lugonu
Makhleb
Nemelex Xobeh
Okawaru
Qazlal
Ru
Sif Muna
Trog
Vehumet
Wu Jian
Xom
Yredelemnul
Zin
The Shining One
Jiyva

Shops:
D:12 *%?!}   Lair:1 [   Snake:1 [%[*[   Vaults:1 [[=   Vaults:2 (   Vaults:3 *
Depths:5 :

Portals:
Hell: Depths:2 Depths:4
Abyss: Depths:4
Pandemonium: Depths:5
Ziggurat: Depths:1

Annotations:
D:8 3 runed translucent doors, Mrkan's ghost, journeyman TrMo
Swamp:3 1 runed translucent door, weresquid's ghost, journeyman DsAc
Snake:1 Roxanne
Vaults:1 exclusion: orange crystal statue


Innate Abilities, Weirdness & Mutations

You do not eat or drink.
You are immune to poison.
Your flesh is cold resistant. (rC+)
Your body sometimes deteriorates upon taking damage.
You are immune to negative energy. (rN+++)
You regenerate health from kills.
You are immune to unholy pain and torment.
You can survive without breathing.
When hurt, damage is shared between your health and your magic reserves.
Your movements are significantly less encumbered by armour. (ER -6)
Casting spells heals you.


Message History

You hit the gelid blood saint but do no damage.
The gelid blood saint is no longer distracted by gold.
The sea snake bites you!
* * * LOW HITPOINT WARNING * * *
The war gargoyle hits you with a +1 great mace of crushing!
* * * LOW HITPOINT WARNING * * *
x2 The acid blob spits acid at you.
The splash of acid misses you.
The splash of acid hits the sea snake!
The sea snake is splashed with acid.
The acid corrodes the sea snake!
The sea snake dies!
The sea snake's corpse disappears in a puff of smoke!
The monstrous corrupter completely misses you.
The monstrous corrupter claws you!
* * * LOW HITPOINT WARNING * * *
The monstrous corrupter gores you.
* * * LOW HITPOINT WARNING * * *
The nagaraja closely misses you. The nagaraja constricts you.
The vampire knight hits you from afar with a cursed -1 halberd.
You die...
Your body crumbles into a pile of gold.

... .. ....... ##.....
##......... #
...#.#....#.####....#....# .
.........[#..# .....<...#### ..
............# ##.........#.####..
............###...V.........#.#..
.............#.9DN...............
............?.NJ@§t..............
............([.66<4..........>#
#...........)##.2.4T......##..###
.#....#......###................#
....####.....# ##.##..4........##
.#..####......# ##.#.......$..#..
#...#.#......# ###......$.....
##....(......# ###.....$...#.#..
####..........###.#.........##...


You could see an acid blob, a fire dragon, 2 nagarajas, a vampire knight, a deep
troll, a monstrous corrupter, a gelid blood saint, a snapping turtle (berserk),
a shadow demon, a war gargoyle, 2 orange demons and a chaos spawn.

Vanquished Creatures
  2 juggernauts (Vaults:3)
  A golden dragon (shapeshifter) (Vaults:3)
  7 golden dragons
  A Killer Klown (Zot:4)
  Gastronok (Lair:3)
  A bone dragon (Depths:5)
  3 liches
  Rupert (Lair:6)
  7 Orb Guardians
  9 tentacled monstrosities
  A titan (Vaults:3)
  5 quicksilver dragons
  5 death cobs (Zot:4)
  5 sphinxes
  Kirke (Lair:3)
  6 storm dragons
  7 shadow dragons
  A thorn hunter (Swamp:2)
  A tengu reaver (Vaults:3)
  18 nagarajas
  5 frost giants
  9 draconian monks
  7 fire giants
  2 deep elf sorcerers
  14 vault wardens
  3 draconian knights
  A draconian shifter (Zot:4)
  An iron dragon (Depths:4)
  2 ghost moths
  An iron dragon (shapeshifter) (Vaults:3)
  3 draconian scorchers (Zot:4)
  An orc warlord (Vaults:2)
  4 spriggan defenders
  A draconian annihilator (Depths:5)
  3 draconian stormcallers
  An entropy weaver (Vaults:2)
  12 stone giants
  13 ironheart preservers
  2 war gargoyles
  10 very ugly things
  7 green draconians
  A vampire knight (Depths:5)
  2 deep elf annihilators (Vaults:1)
  8 purple draconians
  7 black draconians
  4 white draconians
  6 red draconians
  7 yellow draconians
  A deep elf death mage (Vaults:1)
  2 crystal guardians
  3 fire dragons
  Josephine (Lair:4)
  8 ettins
  17 yaktaur captains
  Fannar (Lair:1)
  The ghost of Quickbrownfox the Fighter, a journeyman MiAc (D:10)
  2 rakshasas
  7 ice dragons
  34 vault guards
  5 centaur warriors
  23 hydras
  24 naga warriors
  6 death knights
  3 spriggan air magi
  A great orb of eyes (Depths:4)
  3 ghost crabs
  3 shambling mangroves (Swamp:3)
  40 two-headed ogres
  14 anacondas
  A satyr (shapeshifter) (Vaults:3)
  12 alligators
  11 ogre magi
  5 deep troll shamans
  A tengu warrior (Depths:1)
  A death yak (shapeshifter) (Vaults:3)
  9 deep troll earth magi
  6 death yaks (Lair:6)
  A queen ant (Lair:4)
  A spriggan berserker (Depths:5)
  11 naga sharpshooters
  7 shock serpents
  Nergalle (Lair:3)
  Sonja (D:10)
  3 deep elf knights (Vaults:1)
  5 iron trolls
  13 hell knights
  A deep troll (shapeshifter) (D:9)
  A shadow wraith (Vaults:3)
  25 deep trolls
  2 salamander mystics (Snake:3)
  9 skeletal warriors
  A spark wasp zombie (D:12)
  2 glowing orange brains
  An unseen horror (Vaults:1)
  8 swamp dragons (Swamp:3)
  An unseen horror (shapeshifter) (Depths:1)
  A deep elf archer (Vaults:1)
  A gelid demonspawn (Depths:2)
  14 ironbrand convokers
  4 cyclopes
  4 flayed ghosts
  12 naga ritualists
  7 phantasmal warriors
  2 manticores
  A shadow dragon skeleton (Vaults:3)
  An oklob plant (Lair:3)
  9 necromancers
  9 mana vipers
  2 wolf spiders
  5 deep elf magi
  23 ugly things
  A frost giant zombie (Vaults:3)
  A manticore (shapeshifter) (Depths:4)
  A salamander (shapeshifter) (Depths:1)
  2 orc sorcerers (Vaults:2)
  A centaur zombie (D:9)
  8 moths of wrath
  8 salamanders
  57 black mambas
  9 vault sentinels
  A stone giant skeleton (D:12)
  21 guardian serpents
  21 naga magi
  24 elephants
  An eye of devastation (Vaults:2)
  2 gargoyles
  14 cane toads
  50 yaktaurs
  2 rime drakes
  7 komodo dragons
  2 efreet
  8 freezing wraiths
  A merfolk (shapeshifter) (Vaults:3)
  3 trolls
  A red devil (Depths:2)
  2 tengu conjurers (Depths:1)
  A wolf spider simulacrum (D:10)
  A wind drake (shapeshifter) (Depths:2)
  22 hornets
  4 polar bears
  Prince Ribbit (Lair:2)
  A sphinx simulacrum (Vaults:3)
  A hornet (shapeshifter) (Vaults:2)
  7 tyrant leeches
  17 blink frogs
  Grinder (D:5)
  9 hippogriffs
  14 dream sheep (Lair:6)
  22 slime creatures
  4 bog bodies
  A deep troll zombie (D:12)
  Sigmund (D:5)
  24 spriggans
  2 water elementals
  4 wraiths
  A vampire (D:10)
  4 basilisks
  8 humans (D:11)
  38 yaks
  4 hogs (Lair:3)
  A hog (shapeshifter) (Vaults:3)
  A yaktaur simulacrum (Vaults:2)
  13 vampire mosquitoes
  A steam dragon (D:7)
  A redback simulacrum (D:11)
  4 hungry ghosts
  16 crocodiles
  10 insubstantial wisps (Swamp:3)
  3 wargs (D:7)
  13 swamp worms
  5 hell hounds (Zot:3)
  44 nagas
  6 soldier ants
  4 water moccasins
  11 swamp drakes
  An acid dragon (D:9)
  9 porcupines
  7 orc warriors
  5 ice beasts
  An eye of draining (Zot:4)
  6 black bears
  A necrophage (D:8)
  3 phantoms
  9 boggarts
  6 centaurs
  2 sky beasts
  26 ogres
  39 wolves
  3 big kobolds
  8 bullfrogs
  A gnoll sergeant (D:7)
  2 tengu zombies
  3 scorpions
  14 wights
  A howler monkey (D:4)
  5 crimson imps
  A bullfrog zombie (D:5)
  2 human simulacra
  4 hounds
  9 orc priests
  2 jellies
  An iguana (D:4)
  10 orc wizards
  14 worker ants
  A hound skeleton (D:5)
  A howler monkey zombie (D:9)
  10 adders
  9 gnolls
  2 shadow imps
  4 white imps (D:10)
  An ooze (D:6)
  3 worms
  2 dart slugs
  9 leopard geckos
  62 orcs
  2 ball pythons
  9 giant cockroaches
  7 goblins
  13 hobgoblins
  15 jackals
  28 kobolds
  2 quokkas
  6 bats
  11 frilled lizards
  A jackal skeleton (D:5)
  9 rats
  8 briar patches (Swamp:2)
  A fungus (Lair:6)
  14 plants
1652 creatures vanquished.

Vanquished Creatures (collateral kills)
  2 electric golems (Zot:5)
  A tentacled monstrosity (Zot:5)
  12 Orb Guardians (Zot:5)
  2 shadow dragons (Zot:5)
  A lorocyproca (Zot:5)
  A yellow draconian (Zot:5)
  2 moths of wrath (Zot:5)
  A chaos spawn (Zot:5)
22 creatures vanquished.

Vanquished Creatures (others)
  An ancient lich (Zot:5)
  An electric golem (Zot:5)
  3 Orb Guardians (Zot:5)
  A storm dragon (Zot:5)
  A yellow draconian (Zot:5)
  3 dancing weapons (Vaults:3)
  A naga sharpshooter (Snake:3)
  A sixfirhy (Zot:5)
  3 moths of wrath
  A black mamba (Snake:3)
  A human (Lair:3)
  A briar patch (Swamp:2)
  4 fungi
  5 plants
27 creatures vanquished.

Grand Total: 1701 creatures vanquished

Notes
Turn   | Place    | Note
-------+----------+-------------------------------------------
     0 | D:1      | Flugslaktarn the Skeleton Archaeologist began the quest for
                  | the Orb.
     0 | D:1      | Reached XP level 1. HP: 12/12 MP: 1/1
   229 | D:1      | Reached XP level 2. HP: 17/17 MP: 2/2
   566 | D:1      | Reached skill level 1 in Armour
   569 | D:1      | Reached XP level 3. HP: 18/22 MP: 1/3
  1377 | D:2      | Found a blossoming altar of Fedhas.
  1532 | D:2      | Reached XP level 4. HP: 12/28 MP: 2/4
  1997 | D:2      | Found a burning altar of Makhleb.
  1997 | D:2      | Found a bloodstained altar of Trog.
  2078 | D:2      | Found a white marble altar of Elyvilon.
  2219 | D:2      | Reached skill level 2 in Armour
  2364 | D:3      | Reached skill level 1 in Axes
  2809 | D:3      | Reached XP level 5. HP: 33/33 MP: 1/5
  2809 | D:3      | Identified a scroll of acquirement
  2830 | D:3      | Identified the +8 battleaxe "Orb Guardian's Death" {vamp,
                  | rF+ Str+3} (You acquired it on level 3 of the Dungeon)
  3179 | D:3      | Found a faded altar of an unknown god.
  3386 | D:4      | Found an iron altar of Okawaru.
  3553 | D:4      | Reached skill level 3 in Armour
  3586 | D:4      | Gained mutation: You regenerate a little health from kills.
                  | [Skeleton growth]
  3586 | D:4      | Reached XP level 6. HP: 39/39 MP: 6/6
  3590 | D:4      | Found an ornate altar of the Wu Jian Council.
  3668 | D:4      | Found a radiant altar of Vehumet.
  3717 | D:4      | Found a staircase to the Ecumenical Temple.
  3743 | Temple   | Entered the Ecumenical Temple
  3807 | Temple   | Became a worshipper of Gozag Ym Sagoz the Greedy
  3830 | D:4      | Found a glowing drain.
  3854 | Sewer    | Entered a sewer
  4776 | D:4      | Noticed a sky beast
  4800 | D:4      | Killed a sky beast
  4810 | D:4      | Reached XP level 7. HP: 43/44 MP: 2/7
  4895 | D:4      | Reached skill level 5 in Axes
  5079 | D:5      | Entered Level 5 of the Dungeon
  5086 | D:5      | Noticed Grinder
  5097 | D:5      | Killed Grinder
  5097 | D:5      | Reached skill level 5 in Fighting
  5097 | D:5      | Reached skill level 4 in Armour
  5169 | D:5      | Found a shadowy altar of Dithmenos.
  5196 | D:5      | Noticed Sigmund
  5205 | D:5      | Killed Sigmund
  5328 | D:5      | Reached XP level 8. HP: 18/50 MP: 3/8
  5684 | D:5      | Reached skill level 5 in Armour
  6094 | D:6      | Found a glowing golden altar of the Shining One.
  6094 | D:6      | Noticed a hippogriff
  6100 | D:6      | Killed a hippogriff
  6244 | D:6      | Found a glowing silver altar of Zin.
  6318 | D:6      | Found a corrupted altar of Lugonu.
  6429 | D:6      | Reached skill level 6 in Armour
  6586 | D:6      | Reached XP level 9. HP: 56/56 MP: 9/9
  6801 | D:7      | Reached skill level 10 in Axes
  6818 | D:7      | Reached skill level 7 in Armour
  6950 | D:7      | Found a staircase to the Lair.
  7102 | D:7      | Noticed an efreet
  7110 | D:7      | Killed an efreet
  7110 | D:7      | Gained mutation: Your movements are less encumbered by
                  | armour. (ER -4) [Skeleton growth]
  7110 | D:7      | Reached XP level 10. HP: 40/64 MP: 9/10
  7379 | D:7      | Reached skill level 8 in Armour
  7720 | D:8      | Found a stormy altar of Qazlal.
  7749 | D:8      | Found a shimmering blue altar of Sif Muna.
  7803 | D:8      | Noticed a two-headed ogre
  7810 | D:8      | Killed a two-headed ogre
  7952 | D:8      | Found a runed translucent gate.
  7953 | D:8      | Found a runed translucent gate.
  7954 | D:8      | Found a runed translucent gate.
  7954 | D:8      | Noticed Mrkan's ghost (journeyman TrMo)
  7955 | D:8      | Identified the cursed +0 short sword of Bloody Death
                  | {drain, rF+ rC+ Str+2 Stlth-}
  8437 | D:9      | Noticed a two-headed ogre
  8444 | D:9      | Killed a two-headed ogre
  8444 | D:9      | Reached skill level 9 in Armour
  8601 | D:9      | Noticed a two-headed ogre
  8609 | D:9      | Killed a two-headed ogre
  8609 | D:9      | Reached XP level 11. HP: 71/71 MP: 11/11
  8746 | D:9      | Found a shimmering altar of Xom.
  8810 | D:9      | Noticed a fire crab
  8815 | D:9      | Noticed a deep troll
  8815 | D:9      | a fire crab changed into a deep troll
  8820 | D:9      | Killed a deep troll
  8921 | D:9      | Identified the Almanac of Calling and Lightness
  9025 | D:9      | Found a staircase to the Orcish Mines.
  9066 | D:9      | Found a hazy altar of Hepliaklqana.
  9205 | D:10     | Entered Level 10 of the Dungeon
  9312 | D:10     | Noticed Sonja
  9320 | D:10     | Noticed a two-headed ogre
  9332 | D:10     | Killed Sonja
  9337 | D:10     | Killed a two-headed ogre
  9341 | D:10     | Reached skill level 10 in Armour
  9592 | D:10     | Noticed Quickbrownfox's ghost (journeyman MiAc)
  9597 | D:10     | Noticed a white ugly thing
  9611 | D:10     | Killed a white ugly thing
  9877 | D:10     | Found a runed translucent gate.
  9877 | D:10     | Found a runed translucent gate.
  9878 | D:10     | Found a runed translucent gate.
 10033 | D:10     | Killed Quickbrownfox's ghost
 10033 | D:10     | Reached skill level 10 in Fighting
 10269 | Lair:1   | Entered Level 1 of the Lair of Beasts
 10298 | Lair:1   | Reached skill level 15 in Axes
 10399 | Lair:1   | Bought the +8 chain mail of Crawling {*Corrode Str+5 Int+3}
                  | for 815 gold pieces
 10399 | Lair:1   | Bought the +0 mask of the Dragon {MR+ Slay+3 SInv} for 434
                  | gold pieces
 10399 | Lair:1   | Found the +0 mask of the Dragon {MR+ Slay+3 SInv}
 10668 | Lair:1   | Reached XP level 12. HP: 75/78 MP: 12/12
 10702 | Lair:1   | Noticed Fannar
 10714 | Lair:1   | Killed Fannar
 11251 | Lair:2   | Noticed a six-headed hydra
 11257 | Lair:2   | Killed a nine-headed hydra
 11260 | Lair:2   | Noticed Prince Ribbit
 11264 | Lair:2   | Killed Prince Ribbit
 11266 | Lair:2   | Reached skill level 11 in Armour
 11991 | Lair:3   | Noticed Nergalle
 12003 | Lair:3   | Noticed Kirke
 12007 | Lair:3   | Killed Nergalle
 12030 | Lair:3   | Killed Kirke
 12243 | Lair:3   | Reached skill level 12 in Armour
 12243 | Lair:3   | Reached XP level 13. HP: 64/84 MP: 13/13
 12488 | Lair:3   | Noticed Gastronok
 12490 | Lair:3   | Found the +5 robe of Night {Dark MR+ SInv}
 12504 | Lair:3   | Killed Gastronok
 12889 | Lair:3   | Found a staircase to the Swamp.
 13627 | Lair:4   | Reached skill level 13 in Armour
 13801 | Lair:4   | Found a staircase to the Snake Pit.
 13825 | Lair:4   | Noticed Josephine
 13833 | Lair:4   | Killed Josephine
 14486 | Lair:5   | Reached XP level 14. HP: 81/92 MP: 14/14
 15445 | Lair:6   | Entered Level 6 of the Lair of Beasts
 15445 | Lair:6   | Found a staircase to the Slime Pits.
 15445 | Lair:6   | Found a viscous altar of Jiyva.
 15458 | Lair:6   | Noticed Rupert
 15492 | Lair:6   | Killed Rupert
 15846 | Lair:6   | Reached skill level 14 in Armour
 16270 | Lair:6   | Reached XP level 15. HP: 100/100 MP: 15/15
 16678 | Snake:1  | Entered Level 1 of the Snake Pit
 16834 | Snake:1  | Reached skill level 15 in Armour
 17068 | Snake:1  | Found Wixutzy's Antique Armour Shop.
 17081 | Snake:1  | Found Lokit's Food Boutique.
 17203 | Snake:1  | Bought an embroidered cloak for 307 gold pieces
 17280 | Snake:1  | Identified the +8 hand axe "Raphil" {pain, *Corrode +Blink
                  | Dex+3}
 17616 | Snake:1  | Found Ogish's Assorted Antiques.
 17624 | Snake:1  | Bought a wavering iron amulet for 155 gold pieces
 17624 | Snake:1  | Identified the amulet "Secel" {Reflect Dex+4 SH+4} (You
                  | bought it in a shop on level 1 of the Snake Pit)
 17635 | Snake:1  | Found Lemueza's Armour Emporium.
 17684 | Snake:1  | Noticed Roxanne
 18062 | Snake:1  | Noticed a nagaraja
 18070 | Snake:1  | Reached skill level 15 in Fighting
 18076 | Snake:1  | Killed a nagaraja
 18077 | Snake:1  | Reached skill level 16 in Armour
 18804 | Snake:1  | Bought an emerald-studded plate armour for 644 gold pieces
 18814 | Snake:1  | Identified the +1 plate armour of the Ban {*Slow rPois
                  | Str+2 Int+3 SInv} (You bought it in a shop on level 1 of
                  | the Snake Pit)
 18814 | Snake:1  | Bought a slimy plate armour for 644 gold pieces
 18824 | Snake:1  | Identified the cursed +1 plate armour "Aniru Oso" {Str+5
                  | Dex+2 Stlth-} (You bought it in a shop on level 1 of the
                  | Snake Pit)
 18879 | Snake:2  | Noticed a nagaraja
 18893 | Snake:2  | Killed a nagaraja
 19090 | Snake:2  | Gained mutation: You regenerate health from kills.
                  | [Skeleton growth]
 19090 | Snake:2  | Reached XP level 16. HP: 109/109 MP: 16/16
 19481 | Snake:2  | Reached skill level 17 in Armour
 20110 | Snake:3  | Entered Level 3 of the Snake Pit
 20735 | Snake:3  | Reached skill level 18 in Armour
 20842 | Snake:3  | Reached XP level 17. HP: 117/117 MP: 17/17
 21305 | Snake:3  | Reached skill level 19 in Armour
 21441 | Snake:3  | Got a serpentine rune of Zot
 21696 | Snake:3  | Found a snail-covered altar of Cheibriados.
 22178 | Swamp:1  | Entered Level 1 of the Swamp
 24050 | Swamp:3  | Entered Level 3 of the Swamp
 24214 | Swamp:3  | Reached XP level 18. HP: 127/127 MP: 18/18
 24318 | Swamp:3  | Reached skill level 20 in Armour
 24884 | Swamp:3  | Got a decaying rune of Zot
 25062 | Swamp:3  | Found a runed translucent door.
 25062 | Swamp:3  | Found a shimmering altar of Xom.
 25062 | Swamp:3  | Noticed weresquid's ghost (journeyman DsAc)
 25063 | Swamp:3  | Identified the +9 great mace of Igoimi {chaos, rF+}
 25552 | D:12     | Entered Level 12 of the Dungeon
 25596 | D:12     | Found a staircase to the Depths.
 25712 | D:12     | Found Mazut's Distillery.
 25715 | D:12     | Found Runagor's Magic Scroll Emporium.
 25722 | D:12     | Bought a scroll of blinking for 127 gold pieces
 25722 | D:12     | Bought a scroll of enchant armour for 127 gold pieces
 25722 | D:12     | Bought a scroll of teleportation for 51 gold pieces
 25722 | D:12     | Bought a scroll of magic mapping for 59 gold pieces
 25790 | D:12     | Found Netziacati's Gadget Emporium.
 25899 | D:12     | Found Jodoest's Food Boutique.
 25955 | D:12     | Found Zuhis's Assorted Antiques.
 26469 | D:11     | Found a gate to the Vaults.
 26695 | Vaults:1 | Entered Level 1 of the Vaults
 26698 | Vaults:1 | Bought the amulet of Greed {Reflect rElec rF+ SH+3} for 660
                  | gold pieces
 26702 | Vaults:1 | Bought a pitted chain mail for 332 gold pieces
 26702 | Vaults:1 | Identified the cursed +0 chain mail of the Hidden Vale
                  | {rElec rC+} (You bought it in a shop on level 1 of the
                  | Vaults)
 26702 | Vaults:1 | Bought the +1 pair of gauntlets of War {Slay+6} for 1459
                  | gold pieces
 26702 | Vaults:1 | Found the +1 pair of gauntlets of War {Slay+6}
 26831 | Vaults:1 | Found a staircase to the Crypt.
 26831 | Vaults:1 | Found an ancient bone altar of Kikubaaqudgha.
 26832 | Vaults:1 | Found a basalt altar of Yredelemnul.
 26861 | Vaults:1 | Reached skill level 21 in Armour
 27394 | Vaults:1 | Reached XP level 19. HP: 135/135 MP: 19/19
 28305 | Vaults:2 | Reached skill level 22 in Armour
 29401 | Vaults:2 | Gained mutation: Your movements are significantly less
                  | encumbered by armour. (ER -6) [Skeleton growth]
 29401 | Vaults:2 | Reached XP level 20. HP: 144/144 MP: 20/20
 29656 | Vaults:2 | Found Ofisch's Weapon Boutique.
 29947 | Vaults:3 | Entered Level 3 of the Vaults
 29957 | Vaults:3 | Noticed a juggernaut
 29961 | Vaults:3 | Reached skill level 23 in Armour
 30072 | Vaults:3 | Noticed a caustic shrike
 30077 | Vaults:3 | a caustic shrike changed into an iron giant
 30106 | Vaults:3 | Killed a juggernaut
 30344 | Vaults:3 | Identified the +8 falchion "Sobruoq" {antimagic, Str+4
                  | Int+2}
 30397 | Vaults:3 | Reached skill level 24 in Armour
 30397 | Vaults:3 | Reached XP level 21. HP: 147/152 MP: 11/21
 30465 | Vaults:3 | Noticed a caustic shrike
 30465 | Vaults:3 | a shadow dragon changed into a caustic shrike
 30467 | Vaults:3 | a caustic shrike changed into a shadow dragon
 30470 | Vaults:3 | Noticed a caustic shrike
 30470 | Vaults:3 | a shadow dragon changed into a caustic shrike
 30475 | Vaults:3 | a caustic shrike changed into an iron giant
 30484 | Vaults:3 | Noticed a golden dragon
 30484 | Vaults:3 | an iron dragon changed into a golden dragon
 30486 | Vaults:3 | Killed a golden dragon
 30726 | Vaults:3 | Identified the Volume of Snow
 30753 | Vaults:3 | Identified the ring "Jaguzxua" {+Fly rElec MR+++ Int-3
                  | Dex+4}
 30843 | Vaults:3 | Identified the cursed +0 plate armour of the Vaults {-Cast
                  | rElec rPois Int+7}
 31038 | Vaults:3 | Noticed a juggernaut
 31055 | Vaults:3 | Killed a juggernaut
 31165 | Vaults:3 | Identified the Reference Book on the Mountains and
                  | Lightness
 31690 | Vaults:3 | Got a silver rune of Zot
 31764 | Vaults:3 | Identified the +3 halberd "Xirecoh" {holy, rElec rC+ Dex+4}
 32129 | Depths:1 | Entered Level 1 of the Depths
 32415 | Depths:1 | Reached skill level 25 in Armour
 32527 | Depths:1 | Found a gateway to a ziggurat.
 32897 | Depths:1 | Reached XP level 22. HP: 136/160 MP: 14/22
 32913 | Depths:1 | Reached skill level 5 in Dodging
 33191 | Depths:2 | Found a gateway to Hell.
 33632 | Depths:4 | Found a one-way gate to the infinite horrors of the Abyss.
 33885 | Depths:4 | Noticed a golden dragon
 33902 | Depths:4 | Killed a golden dragon
 33915 | Depths:4 | Noticed a golden dragon
 33926 | Depths:4 | Killed a golden dragon
 33991 | Depths:5 | Entered Level 5 of the Depths
 34197 | Depths:5 | Found a one-way gate leading to the halls of Pandemonium.
 34275 | Depths:5 | Found a gate to the Realm of Zot.
 34301 | Zot:1    | Entered Level 1 of the Realm of Zot
 34338 | Zot:1    | Reached skill level 10 in Dodging
 34441 | Zot:4    | Noticed a golden dragon
 34446 | Zot:4    | Noticed a golden dragon
 34450 | Zot:4    | Noticed a golden dragon
 34455 | Zot:4    | Killed a golden dragon
 34455 | Zot:4    | Reached XP level 23. HP: 74/167 MP: 4/23
 34481 | Zot:4    | Killed a golden dragon
 34484 | Zot:4    | Killed a golden dragon
 34503 | Zot:4    | Reached skill level 26 in Armour
 34512 | Zot:4    | Noticed a Killer Klown
 34557 | Zot:4    | Killed a Killer Klown
 34736 | Zot:4    | Noticed a golden dragon
 34747 | Zot:4    | Killed a golden dragon
 34854 | Zot:4    | Noticed a golden dragon
 34869 | Zot:4    | Killed a golden dragon
 35371 | Zot:5    | Entered Level 5 of the Realm of Zot
 35470 | Zot:5    | Reached XP level 24. HP: 175/175 MP: 23/23
 35478 | Zot:5    | Noticed an ancient lich
 35489 | Zot:5    | Noticed an orb of fire
 35497 | Zot:5    | Noticed a Killer Klown
 35533 | Zot:5    | Got the Orb of Zot
 35558 | Zot:5    | Noticed Waqetre the pandemonium lord
 35573 | Zot:5    | Noticed a golden dragon
 35612 | Zot:3    | Noticed a Killer Klown
 35710 | Depths:5 | Found Haolitt's Book Shop.
 35855 | Depths:2 | HP: 7/175 [monstrous corrupter (10)]
 35855 | Depths:2 | HP: 2/175 [monstrous corrupter (5)]
 35855 | Depths:2 | Slain by a vampire knight

Skill      XL: |  1  2  3  4  5  6  7  8  9 10 11 12 13 14 15 16 17 18 19 20 21 22 23 |
---------------+----------------------------------------------------------------------+-----
Fighting       | 2 3 4 5 6 7 9 10 11 12 13 15 17 18 20 21 22 23 24 | 24.9
Armour         | 1 2 3 4 6 7 9 10 12 13 14 16 18 19 21 22 24 25 26 | 26.5
Axes           | 1 3 4 6 9 11 13 15 17 18 19 | 19.9
Dodging        | 4 10 14 | 14.9
Maces & Flails | |  1.2
Stealth        | |  3.6

Action                   |  1- 3 |  4- 6 |  7- 9 | 10-12 | 13-15 | 16-18 | 19-21 | 22-24 || total
-------------------------+-------+-------+-------+-------+-------+-------+-------+-------++-------
Melee: Whip              |   313 |    93 |       |       |       |       |       |       ||   406
       War axe           |       |   104 |       |       |     2 |       |       |       ||   106
       Battleaxe         |       |   150 |   198 |   458 |   825 |  1258 |  1040 |   768 ||  4697
Invok: Potion Petition   |       |       |       |     1 |     1 |       |     1 |     1 ||     4
       Call Merchant     |       |       |       |     1 |     1 |     3 |     1 |       ||     6
       Bribe Branch      |       |       |       |       |       |       |       |     3 ||     3
Evoke: Wand              |       |       |       |       |     5 |       |       |     2 ||     7
  Use: Scroll            |       |     2 |     6 |       |    11 |       |     1 |     6 ||    26
 Stab: Distracted        |       |     1 |     2 |     3 |     6 |    16 |    14 |    13 ||    55
       Confused          |       |       |       |       |       |       |       |     6 ||     6
Armor: Robe              |     8 |       |       |       |       |       |       |       ||     8
       Chain mail        |   248 |   251 |    76 |   176 |   407 |       |       |       ||  1158
       Plate armour      |       |       |       |     3 |    25 |   829 |   375 |   509 ||  1741
Dodge: Dodged            |   192 |   173 |   141 |   279 |   646 |   885 |   435 |   687 ||  3438
Block: Other             |       |       |       |       |    14 |   217 |    64 |    97 ||   392
       Reflection        |       |       |       |       |       |    12 |     9 |     2 ||    23
